 Dungeon Crawl Stone Soup version 0.22-a0-799-g88f5e907b7 (webtiles) character file.

278392 Mirvelgyr the Executioner (level 19, -12/271 HPs)
             Began as a Minotaur Berserker on July 21, 2018.
             Was a High Priest of Trog.
             Killed from afar by a fire giant (illusionary) (16 damage)
             ... with a bolt of fire
             ... on level 2 of the Depths.
             The game lasted 01:19:02 (32475 turns).

Mirvelgyr the Executioner (Minotaur Berserker)     Turns: 32475, Time: 01:19:02

Health: -12/271    AC: 34    Str: 27    XL:     19   Next: 63%
Magic:  18/18      EV: 19    Int:  4    God:    Trog [*****.]
Gold:   704        SH: 11    Dex: 24    Spells: 18/18 levels left

rFire    + . .     SeeInvis .   D - +7 broad axe of Arabiff {chop, rF+ Str+3}
rCold    . . .     Gourm    .   U - +1 shield {reflect}
rNeg     + . .     Faith    .   d - +0 plate armour "Cecerr" {Dex+5}
rPois    .         Spirit   .   u - +2 hat
rElec    .         Reflect  +   P - +2 cloak
rCorr    .         Harm     .   S - +2 pair of gloves
MR       +++..                  K - +1 pair of boots {Stlth+}
Stlth    ..........             F - amulet of regeneration
HPRegen  0.95/turn              k - ring of positive energy
MPRegen  0.16/turn              p - ring of protection from magic

@: berserking, very quick
A: retaliatory headbutt, beak, horns 2, slimy green scales 1, yellow scales 1,
magic resistance 1, weak 1
}: 2/15 runes: decaying, serpentine
a: Berserk, Trog's Hand, Brothers in Arms, Renounce Religion


You were on level 2 of the Depths.
You worshipped Trog.
Trog was extremely pleased with you.
You were very hungry.

You visited 6 branches of the dungeon, and saw 33 of its levels.
You also visited: Ice Cave and Volcano.

You collected 3808 gold pieces.
You spent 3104 gold pieces at shops.

Inventory:

Hand Weapons
 h - a +3 executioner's axe of flaming
 n - a +5 antimagic executioner's axe
 D - the +7 broad axe of Arabiff (weapon) {chop, rF+ Str+3}
   (You found it on level 1 of the Depths)

   It inflicts extra damage upon your enemies.
   It affects your strength (+3).
   It protects you from fire.
Armour
 d - the +0 plate armour "Cecerr" (worn) {Dex+5}
   (You bought it in a shop on level 2 of the Orcish Mines)

   It affects your dexterity (+5).
 u - a +2 hat (worn)
 C - a scarf of cloud immunity
 K - a +1 pair of boots of stealth (worn)
 P - a +2 cloak (worn)
 S - a +2 pair of gloves (worn)
 U - a +1 shield of reflection (worn)
Jewellery
 b - a +3 ring of evasion
 e - an uncursed ring of poison resistance
 k - a ring of positive energy (left hand)
 p - a ring of protection from magic (right hand)
 F - an amulet of regeneration (around neck)
 G - the ring "Obuur" {+Inv rElec Dex+6}
   (You found it on level 9 of the Dungeon)

   [ring of dexterity]

   It affects your dexterity (+6).
   It insulates you from electricity.
   It lets you turn invisible.
 X - the ring "Nacuruoxaa" {EV+3 Int+4}
   (You found it in an ice cave)

   [ring of evasion]

   It affects your evasion (+3).
   It affects your intelligence (+4).
Wands
 l - a wand of random effects (25)
 t - a wand of digging (19)
 J - a wand of flame (25)
 M - a wand of paralysis (40)
 R - a wand of disintegration (9)
Scrolls
 a - 5 scrolls of immolation
 i - 9 scrolls of magic mapping
 j - 8 scrolls of remove curse
 m - 11 scrolls of identify
 x - a scroll of summoning
 y - 3 scrolls of teleportation
 A - 3 scrolls of fog
 B - 2 scrolls of fear
 H - a scroll of holy word
 I - 2 scrolls of blinking
Potions
 f - 4 potions of mutation
 g - 4 potions of curing
 o - 2 potions of heal wounds
 q - a potion of flight
 r - 4 potions of might
 s - 3 potions of cancellation
 v - 8 potions of brilliance
 E - 4 potions of haste
 O - a potion of resistance
 Q - 8 potions of agility
 W - 4 potions of ambrosia
Comestibles
 c - 19 rations


   Skills:
 - Level 18.9 Fighting
 - Level 24.8 Axes
 - Level 18.0 Armour
 - Level 17.4 Dodging
 + Level 1.6 Shields


You had 18 spell levels left.
You didn't know any spells.
Your spell library contained the following spells:

 Spells                   Type           Power        Failure   Level  Hunger
 Statue Form              Tmut/Erth      #........    100%        6    #######
 Passwall                 Tmut/Erth      #.......     100%        2    ###....
 Alistair's Intoxication  Tmut/Pois      #.......     100%        5    ######.
 Hydra Form               Tmut           #.........   100%        6    #######


Dungeon Overview and Level Annotations

Branches:
Dungeon (15/15) Temple (0/1) D:4 Lair (6/6) D:11 Swamp (4/4) Lair:2 Snake (4/4) Lair:4 Slime (0/5) Lair:5 Orc (2/2) D:11 Elf (0/3) Orc:2 Vaults (0/5) D:13 D:14 Depths (2/5) D:15

Altars:
Dithmenos
Hepliaklqana
Okawaru
Ru
Trog
Vehumet
Beogh
Jiyva

Shops:
D:14 %   Orc:1 (?:!*   Orc:2 ?:*([   Snake:3 (

Portals:
Hell: Depths:1
Abyss: Depths:1
Pandemonium: Depths:1

Annotations:
D:6 2 runed doors
D:15 exclusion: oklob plant


Innate Abilities, Weirdness & Mutations

You reflexively headbutt those who attack you in melee.
You have a pair of horns on your head.
You have a beak for a mouth.
You are partially covered in slimy green scales. (AC +2)
You are partially covered in yellow scales. (AC +2)
You are resistant to hostile enchantments. (MR+)
You are weak. (Str -2)


Message History

You slash the fire giant!
You kill the fire giant!
The fire giant's corpse shimmers and vanishes!
Your skin stops crawling.
You feel less resistant to hostile enchantments.
The fire giant gestures at you while chanting.
The bolt of fire hits the fire giant.
The fire giant resists.
The bolt of fire hits you! You resist.
* * * LOW HITPOINT WARNING * * *
A red film seems to cover your vision as you go berserk!
You feel yourself moving faster!
You feel mighty!
You are feeling very hungry.
The fire giant hits you with a great sword of flaming.
* * * LOW HITPOINT WARNING * * *
The fire giant burns you.
* * * LOW HITPOINT WARNING * * *
The fire giant casts a spell at you.
The bolt of fire hits the fire giant.
The fire giant resists.
The bolt of fire hits you! You resist.
You die...

....# ....#
.#### #.R.#
.....##.R.#
..........#
..........#
#.>...C# #
##.###C##.#
#.....@..#
#####.####
###


You could see 2 fire giants and 2 rakshasas.

Vanquished Creatures
  Mara (Swamp:3)
  Bai Suzhen (Swamp:4)
  Saint Roka (Depths:1)
  A bone dragon (Swamp:4)
  Rupert (D:14)
  Asterion (Snake:3)
  A sphinx (Depths:1)
  Gastronok (Lair:2)
  A thorn hunter (Swamp:4)
  Kirke (D:12)
  Roxanne (Swamp:1)
  Donald (Orc:2)
  18 nagarajas
  2 fire giants
  4 very ugly things (Depths:1)
  The ghost of dleb1993 the Necromancer, a journeyman DDNe of Ru (D:12)
  5 stone giants
  Azrael (D:14)
  6 dire elephants (Lair:6)
  Snorg (Orc:2)
  2 ettins (Depths:1)
  A merfolk impaler (Depths:1)
  6 fire dragons
  A great orb of eyes (Depths:1)
  Josephine (D:10)
  A yaktaur captain (Depths:1)
  5 ice dragons
  Harold (Lair:2)
  15 naga warriors
  2 rakshasas (Depths:1)
  Erolcha (Orc:2)
  2 ghost crabs (Swamp:4)
  A catoblepas (D:13)
  7 centaur warriors
  A death knight (D:14)
  19 anacondas
  10 alligators
  A dancing weapon (Volcano)
  4 tengu warriors
  14 hydras
  5 ogre magi (Depths:1)
  2 deep troll shamans (D:15)
  An orc high priest (Orc:2)
  19 two-headed ogres
  2 deep troll earth magi
  12 naga sharpshooters
  4 death yaks (Lair:5)
  10 shock serpents
  Urug (D:14)
  Nergalle (Lair:1)
  A skeletal warrior (D:14)
  An iron troll (Depths:1)
  2 salamander mystics
  6 deep trolls
  A swamp dragon (shapeshifter) (D:15)
  2 unseen horrors
  2 sea snakes (Snake:4)
  A flayed ghost (Depths:1)
  7 wizards
  6 naga ritualists
  A spectral hydra (Swamp:4)
  3 harpies (D:13)
  3 swamp dragons
  2 orc knights (Orc:2)
  A shambling mangrove (Swamp:2)
  Pikel (D:6)
  3 orc sorcerers (Orc:2)
  A phantasmal warrior (Swamp:4)
  6 manticores
  16 ugly things
  9 mana vipers
  3 oklob plants
  3 cyclopes
  4 elephants (Lair:6)
  7 salamanders
  5 toenail golems (Volcano)
  A centaur zombie (D:15)
  15 naga magi
  50 black mambas
  2 ice statues (IceCv)
  20 guardian serpents
  4 swamp worm zombies (Swamp:4)
  A gargoyle (D:12)
  25 spiny frogs
  3 freezing wraiths (D:14)
  8 komodo dragons
  3 yaktaurs (Depths:1)
  3 kobold demonologists
  A rime drake (shapeshifter) (Depths:1)
  3 rime drakes
  6 trolls
  2 hydra zombies (Swamp:4)
  A tengu conjurer (D:15)
  7 tyrant leeches
  16 slime creatures
  12 hornets
  16 blink frogs
  5 spectral swamp dragons (Swamp:4)
  6 hippogriffs
  3 alligator zombies (Swamp:4)
  13 bog bodies
  3 shadows
  A wyvern (Lair:3)
  11 spriggans
  4 water elementals (Depths:1)
  8 wraiths
  Sigmund (D:6)
  6 fire elementals (D:14)
  4 basilisks
  A hog (D:12)
  14 yaks
  3 fire bats (Lair:6)
  2 hungry ghosts
  A steam dragon (D:11)
  9 vampire mosquitoes
  16 humans
  5 soldier ants (D:6)
  A warg (Orc:2)
  2 acid dragons
  7 insubstantial wisps
  51 nagas
  15 swamp worms
  Duvessa (D:6)
  18 water moccasins
  2 hell hounds (D:14)
  7 porcupines
  8 phantoms
  3 sky beasts
  18 orc warriors
  14 ice beasts (IceCv)
  4 swamp drakes
  3 necrophages
  A black bear (D:8)
  14 ogres
  16 centaurs
  5 swamp dragon zombies (Swamp:4)
  4 wolves (Lair:2)
  10 crocodiles
  4 big kobolds
  17 bullfrogs
  A wyvern skeleton (D:14)
  Dowan (D:6)
  7 scorpions
  3 killer bees (D:8)
  15 wights
  An electric eel (Lair:2)
  8 crimson imps
  A bullfrog zombie (D:12)
  3 gnoll shamans
  10 orc priests
  3 hounds
  3 jellies
  13 orc wizards
  2 bullfrog skeletons (D:8)
  3 centaur skeletons
  2 iguanas
  12 worker ants
  A hound zombie (D:11)
  A howler monkey zombie (D:6)
  24 gnolls
  A howler monkey skeleton (D:6)
  14 adders
  A swamp drake zombie (Swamp:4)
  5 shadow imps
  12 white imps (Lair:2)
  2 oozes (D:1)
  An adder zombie (D:6)
  2 worms (D:2)
  6 dart slugs
  5 leopard geckos
  37 orcs
  9 bats
  2 giant cockroaches
  8 goblins
  11 hobgoblins
  12 jackals
  27 kobolds
  2 quokkas
  3 ball pythons
  4 frilled lizards
  6 rats
  10 briar patches (Swamp:4)
  A bush (Lair:2)
  6 fungi
  11 plants
  A withered plant (D:13)
1152 creatures vanquished.

Vanquished Creatures (collateral kills)
  An orc warlord (Orc:2)
  A deep troll (D:15)
  An orc knight (Orc:2)
  4 orc warriors (Orc:2)
  An orc priest (Orc:2)
  2 orc wizards (Orc:2)
10 creatures vanquished.

Vanquished Creatures (others)
  A black mamba (Snake:2)
  A centaur skeleton (D:14)
  A hornet (Swamp:4)
  A spriggan (Swamp:4)
  3 humans (D:12)
  2 insubstantial wisps (Swamp:4)
  A bullfrog (D:12)
  2 wights (D:12)
  An orc priest (Depths:1)
  An iguana (D:12)
  16 fungi
  5 plants
35 creatures vanquished.

Grand Total: 1197 creatures vanquished

Notes
Turn   | Place    | Note
-------+----------+-------------------------------------------
     0 | D:1      | Mirvelgyr the Minotaur Berserker began the quest for the Orb.
     0 | D:1      | Reached XP level 1. HP: 19/19 MP: 0/0
    43 | D:1      | Reached XP level 2. HP: 10/27 MP: 1/1
   323 | D:1      | Reached skill level 4 in Axes
   711 | D:1      | Reached XP level 3. HP: 27/33 MP: 2/2
  1362 | D:2      | Reached ** piety under Trog
  1516 | D:2      | Reached XP level 4. HP: 36/40 MP: 3/3
  1794 | D:2      | Found a faded altar of an unknown god.
  1969 | D:2      | Reached skill level 5 in Axes
  2374 | D:3      | Found an iron altar of Okawaru.
  2987 | D:4      | Reached XP level 5. HP: 41/47 MP: 4/4
  3378 | D:4      | Found a staircase to the Ecumenical Temple.
  3642 | D:4      | Found a sacrificial altar of Ru.
  3715 | D:4      | Reached XP level 6. HP: 55/55 MP: 5/5
  4003 | D:5      | Entered Level 5 of the Dungeon
  4013 | D:5      | Reached skill level 6 in Axes
  4286 | D:5      | Reached skill level 5 in Fighting
  4552 | D:5      | Reached XP level 7. HP: 61/61 MP: 6/6
  4860 | D:5      | Reached skill level 7 in Axes
  4877 | D:5      | Reached skill level 5 in Armour
  5001 | D:6      | Noticed Pikel
  5008 | D:6      | Killed Pikel
  5008 | D:6      | Reached skill level 8 in Axes
  5008 | D:6      | Reached skill level 5 in Dodging
  5008 | D:6      | Reached XP level 8. HP: 63/70 MP: 5/7
  5014 | D:6      | Noticed Sigmund
  5015 | D:6      | Noticed Dowan
  5017 | D:6      | Noticed Duvessa
  5021 | D:6      | Killed Sigmund
  5021 | D:6      | Reached *** piety under Trog
  5028 | D:6      | Killed Dowan
  5031 | D:6      | Killed Duvessa
  5065 | D:6      | Reached skill level 9 in Axes
  5246 | D:6      | Found a runed gate.
  5248 | D:6      | Found a runed gate.
  5248 | D:6      | Found a runed gate.
  5385 | D:6      | Found the +9 staff of Olgreb {rPois}
  5388 | D:6      | Found a runed door.
  5416 | D:6      | Found a runed door.
  5791 | D:6      | Identified a scroll of acquirement
  5891 | D:6      | Reached XP level 9. HP: 79/79 MP: 8/8
  5973 | D:6      | Reached skill level 10 in Axes
  6550 | D:8      | Reached skill level 11 in Axes
  6623 | D:8      | Reached **** piety under Trog
  6636 | D:8      | Found a bloodstained altar of Trog.
  6709 | D:8      | Found a hazy altar of Hepliaklqana.
  7084 | D:9      | Reached XP level 10. HP: 90/90 MP: 9/9
  7114 | D:9      | Noticed a two-headed ogre
  7118 | D:9      | Killed a two-headed ogre
  7226 | D:9      | Got a steaming tin ring
  7677 | D:10     | Entered Level 10 of the Dungeon
  7731 | D:10     | Reached skill level 12 in Axes
  7751 | D:10     | Noticed a two-headed ogre
  7758 | D:10     | Killed a two-headed ogre
  7905 | D:10     | Noticed Josephine
  7914 | D:10     | Killed Josephine
  7918 | D:10     | Reached skill level 13 in Axes
  8028 | D:10     | Reached XP level 11. HP: 86/99 MP: 10/10
  8149 | D:10     | Found a shadowy altar of Dithmenos.
  8329 | D:10     | Noticed a two-headed ogre
  8336 | D:10     | Killed a two-headed ogre
  8336 | D:10     | Reached skill level 10 in Fighting
  8527 | D:11     | Reached ***** piety under Trog
  8585 | D:11     | Noticed a red ugly thing
  8595 | D:11     | Killed a red ugly thing
  8786 | D:11     | Found a staircase to the Orcish Mines.
  8801 | D:11     | Found a roughly hewn altar of Beogh.
  8906 | D:11     | Found a staircase to the Lair.
  9161 | D:12     | Noticed a two-headed ogre
  9168 | D:12     | Killed a two-headed ogre
  9168 | D:12     | Reached skill level 14 in Axes
  9230 | D:12     | Noticed a two-headed ogre
  9243 | D:12     | Killed a two-headed ogre
  9394 | D:12     | Reached skill level 10 in Dodging
  9535 | D:12     | Noticed a two-headed ogre
  9539 | D:11     | Killed a two-headed ogre
  9695 | D:12     | Noticed Kirke
  9720 | D:12     | Killed Kirke
  9720 | D:12     | Reached skill level 15 in Axes
  9720 | D:12     | Reached XP level 12. HP: 63/110 MP: 11/11
  9826 | D:12     | Received a gift from Trog
  9928 | D:12     | Noticed dleb1993's ghost (journeyman DDNe)
  9932 | D:12     | Found a runed door.
  9992 | D:12     | Killed dleb1993's ghost
 10031 | D:12     | Noticed a centaur warrior
 10039 | D:12     | Killed a centaur warrior
 10574 | D:13     | Noticed a centaur warrior
 10583 | D:13     | Killed a centaur warrior
 10583 | D:13     | Reached skill level 10 in Armour
 10964 | D:13     | Noticed a catoblepas
 11034 | D:13     | Killed a catoblepas
 11050 | D:13     | Reached skill level 16 in Axes
 11194 | D:14     | Found a gate to the Vaults.
 11194 | D:14     | Noticed a centaur warrior
 11194 | D:14     | Noticed Urug
 11194 | D:14     | Noticed Rupert
 11194 | D:14     | Noticed a centaur warrior
 11311 | D:14     | Killed Rupert
 11311 | D:14     | Reached XP level 13. HP: 74/119 MP: 12/12
 11427 | D:14     | Killed Urug
 11505 | D:15     | Entered Level 15 of the Dungeon
 11598 | D:15     | Reached skill level 17 in Axes
 11812 | D:15     | Found a radiant altar of Vehumet.
 12470 | D:14     | Identified the ring "Obuur" {+Inv rElec Dex+6} (You found it on level 9 of the Dungeon)
 12499 | D:14     | Gained mutation: You are resistant to hostile enchantments. (MR+) [potion of mutation]
 12499 | D:14     | Gained mutation: You are dopey. (Int -2) [potion of mutation]
 12499 | D:14     | Lost intelligence.
 12499 | D:14     | Gained mutation: You are very dopey. (Int -4) [potion of mutation]
 12499 | D:14     | Gained mutation: You expend magic power (3 MP) to strengthen your wands. [potion of mutation]
 12502 | D:14     | Lost mutation: You are very dopey. (Int -4) [potion of mutation]
 12502 | D:14     | Lost mutation: You are dopey. (Int -2) [potion of mutation]
 12502 | D:14     | Lost mutation: You expend magic power (3 MP) to strengthen your wands. [potion of mutation]
 12502 | D:14     | Gained mutation: You are weak. (Str -2) [potion of mutation]
 12502 | D:14     | Gained mutation: You are partially covered in slimy green scales. (AC +2) [potion of mutation]
 12502 | D:14     | Gained mutation: You have a beak for a mouth. [potion of mutation]
 12502 | D:14     | Gained mutation: You are partially covered in yellow scales. (AC +2) [potion of mutation]
 12554 | D:14     | Reached skill level 18 in Axes
 12555 | D:14     | Reached XP level 14. HP: 129/129 MP: 13/13
 12587 | D:14     | Noticed Azrael
 12623 | D:14     | Killed Azrael
 12984 | D:14     | Found Bofiah's Food Shop.
 12997 | D:14     | Bought a ration for 70 gold pieces
 12997 | D:14     | Bought a ration for 70 gold pieces
 12997 | D:14     | Bought a ration for 70 gold pieces
 13292 | D:15     | Found a staircase to the Depths.
 13501 | Lair:1   | Entered Level 1 of the Lair of Beasts
 14414 | Lair:2   | Noticed Gastronok
 14421 | Lair:2   | Killed Gastronok
 14435 | Lair:2   | Noticed Nergalle
 14654 | Lair:1   | Killed Nergalle
 14753 | Lair:2   | Noticed Harold
 14766 | Lair:2   | Killed Harold
 14767 | Lair:2   | Found a frozen archway.
 14801 | IceCv    | Entered an ice cave
 15247 | IceCv    | Found the ring of the Mage {Wiz MR++ Int+3}
 15278 | IceCv    | Got a fine brass ring
 15366 | IceCv    | Identified the ring "Nacuruoxaa" {EV+3 Int+4} (You found it in an ice cave)
 15591 | Lair:2   | Found a staircase to the Swamp.
 16425 | Lair:3   | Reached skill level 19 in Axes
 17389 | Lair:4   | Found a staircase to the Snake Pit.
 18065 | Lair:5   | Found a viscous altar of Jiyva.
 18066 | Lair:5   | Found a staircase to the Slime Pits.
 18132 | Lair:5   | Reached XP level 15. HP: 139/139 MP: 14/14
 18681 | Lair:6   | Entered Level 6 of the Lair of Beasts
 18740 | Lair:6   | Found a dark tunnel.
 18751 | Volcano  | Entered a volcano
 19239 | Lair:6   | Reached skill level 15 in Fighting
 19853 | Lair:6   | Reached skill level 20 in Axes
 20381 | Orc:1    | Entered Level 1 of the Orcish Mines
 20414 | Orc:1    | Found Uqeys's Weapon Shoppe.
 20450 | Orc:1    | Found Koluosuq's Book Boutique.
 20473 | Orc:1    | Found Inwuta's Magic Scroll Shoppe.
 20485 | Orc:1    | Bought a scroll of enchant weapon for 97 gold pieces
 20485 | Orc:1    | Bought a scroll of identify for 26 gold pieces
 20485 | Orc:1    | Bought a scroll of identify for 26 gold pieces
 20485 | Orc:1    | Bought a scroll of magic mapping for 45 gold pieces
 20485 | Orc:1    | Bought a scroll of identify for 26 gold pieces
 20485 | Orc:1    | Bought a scroll of blinking for 97 gold pieces
 20485 | Orc:1    | Bought a scroll of identify for 26 gold pieces
 20485 | Orc:1    | Bought a scroll of identify for 26 gold pieces
 20485 | Orc:1    | Bought a scroll of identify for 26 gold pieces
 20485 | Orc:1    | Bought a scroll of enchant armour for 97 gold pieces
 20530 | Orc:1    | Found Fip Wez's General Store.
 20537 | Orc:1    | Bought a scroll of blinking for 97 gold pieces
 20537 | Orc:1    | Bought 3 scrolls of identify for 78 gold pieces
 20537 | Orc:1    | Bought a scroll of identify for 26 gold pieces
 20537 | Orc:1    | Bought a potion of brilliance for 52 gold pieces
 20554 | Orc:1    | Found Xeakhenom's Distillery.
 20562 | Orc:1    | Bought a potion of haste for 170 gold pieces
 20562 | Orc:1    | Bought a potion of heal wounds for 85 gold pieces
 20562 | Orc:1    | Bought a potion of curing for 51 gold pieces
 20562 | Orc:1    | Bought a potion of curing for 51 gold pieces
 20562 | Orc:1    | Bought a potion of agility for 68 gold pieces
 20701 | Orc:2    | Entered Level 2 of the Orcish Mines
 20701 | Orc:2    | Noticed Snorg
 20702 | Orc:2    | Noticed Donald
 20713 | Orc:2    | Killed Snorg
 20713 | Orc:2    | Killed Donald
 20861 | Orc:2    | Noticed Erolcha
 20866 | Orc:2    | Received a gift from Trog
 20870 | Orc:2    | Killed Erolcha
 20920 | Orc:2    | Found Jiwuh's Magic Scroll Shop.
 20928 | Orc:2    | Bought a scroll of identify for 28 gold pieces
 20928 | Orc:2    | Bought a scroll of enchant armour for 105 gold pieces
 20928 | Orc:2    | Bought a scroll of brand weapon for 280 gold pieces
 20928 | Orc:2    | Bought a scroll of identify for 28 gold pieces
 20928 | Orc:2    | Bought a scroll of brand weapon for 280 gold pieces
 20984 | Orc:2    | Noticed an orc warlord
 21005 | Orc:2    | Found a roughly hewn altar of Beogh.
 21011 | Orc:2    | Killed an orc warlord
 21110 | Orc:2    | Found Roev's Book Shop.
 21126 | Orc:2    | Found Poiss's Antique Weapon Shop.
 21278 | Orc:2    | Found Wiefes's General Store.
 21284 | Orc:2    | Bought a scroll of fear for 45 gold pieces
 21476 | Orc:2    | Found a staircase to the Elven Halls.
 21623 | Orc:2    | Found Athroar's Antique Armour Shop.
 21630 | Orc:2    | Bought a smelly plate armour for 756 gold pieces
 21640 | Orc:2    | Identified the cursed +0 plate armour "Cecerr" {Dex+5} (You bought it in a shop on level 2 of the Orcish Mines)
 21764 | Swamp:1  | Entered Level 1 of the Swamp
 22007 | Swamp:1  | Reached XP level 16. HP: 135/149 MP: 15/15
 22275 | Swamp:1  | Noticed Roxanne
 22307 | Swamp:1  | Killed Roxanne
 22308 | Swamp:1  | Identified Roxanne's Tome of Shape Shifting (You took it off Roxanne on level 1 of the Swamp)
 23117 | Swamp:2  | Reached skill level 21 in Axes
 23290 | Swamp:3  | Noticed Mara
 23298 | Swamp:3  | Noticed Mirvelgyr's illusion
 23309 | Swamp:3  | Killed Mara
 23669 | Swamp:3  | Received a gift from Trog
 23702 | Swamp:3  | Reached skill level 15 in Armour
 23947 | Swamp:4  | Entered Level 4 of the Swamp
 24390 | Swamp:4  | Reached skill level 15 in Dodging
 24454 | Swamp:4  | Noticed a thorn hunter
 24472 | Swamp:4  | Killed a thorn hunter
 24599 | Swamp:4  | Noticed Bai Suzhen
 24632 | Swamp:4  | Killed Bai Suzhen
 24995 | Swamp:4  | Received a gift from Trog
 25020 | Swamp:4  | Noticed a bone dragon
 25042 | Swamp:4  | Killed a bone dragon
 25042 | Swamp:4  | Reached XP level 17. HP: 110/159 MP: 16/16
 25363 | Swamp:4  | Got a decaying rune of Zot
 25788 | Snake:1  | Entered Level 1 of the Snake Pit
 25817 | Snake:1  | Reached skill level 22 in Axes
 26408 | Snake:1  | Got a pair of heavily runed gloves
 26420 | Snake:1  | Identified the cursed +0 pair of gloves of Card Tricks {-Cast Str+5} (You found it on level 1 of the Snake Pit)
 27517 | Snake:2  | Received a gift from Trog
 28072 | Snake:3  | Reached skill level 23 in Axes
 28284 | Snake:3  | Noticed Asterion
 28298 | Snake:3  | Killed Asterion
 28298 | Snake:3  | Reached XP level 18. HP: 105/170 MP: 5/17
 28482 | Snake:3  | Found Qobrul's Weapon Shop.
 29292 | Snake:4  | Entered Level 4 of the Snake Pit
 29588 | Snake:4  | Received a gift from Trog
 30434 | Snake:4  | Got a serpentine rune of Zot
 30864 | Depths:1 | Entered Level 1 of the Depths
 30871 | Depths:1 | Reached skill level 24 in Axes
 30894 | Depths:1 | Noticed Saint Roka
 30903 | Depths:1 | Received a gift from Trog
 30910 | Depths:1 | Reached XP level 19. HP: 165/180 MP: 6/18
 31075 | Orc:2    | Bought a pair of embroidered boots for 202 gold pieces
 31386 | Depths:1 | Received a gift from Trog
 31458 | Depths:1 | Killed Saint Roka
 31612 | Depths:1 | Found a one-way gate leading to the halls of Pandemonium.
 31785 | Depths:1 | Received a gift from Trog
 32025 | Depths:1 | Received a gift from Trog
 32224 | Depths:1 | Found a gateway to Hell.
 32295 | Depths:1 | Got a translucent broad axe
 32296 | Depths:1 | Identified the +7 broad axe of Arabiff {chop, rF+ Str+3} (You found it on level 1 of the Depths)
 32373 | Depths:1 | Found a one-way gate to the infinite horrors of the Abyss.
 32473 | Depths:2 | Reached skill level 1 in Shields
 32474 | Depths:2 | HP: 7/181 [fire giant (illusionary)/bolt of fire (28)]
 32475 | Depths:2 | Killed from afar by a fire giant (illusionary)

Vault maps used:
D:1:      evilmike_arrival_hilbert_curve
D:2:      chequers_ecumenical_altar_twisty, first_ration, minmay_misc_feat_doors
D:3:      old_standard_altar
D:4:      lemuel_round_altar, temple_fountains, dk_noncrumbling_4
D:5:      old_forge
D:6:      minmay_guarded_unrand_staff_of_olgreb, uniq_sigmund, uniq_duvessa,
          uniq_pikel
D:7:      gammafunk_corrupted_shrine
D:8:      lemuel_coloured_pillars_altar, old_standard_altar
D:10:     grunt_pizzeria, corexii_leaking_fountain,
          grunt_dithmenos_smoke_and_mirrors, uniq_josephine
D:11:     lair_entry_dummy, minmay_orc_entry_temple_small
D:12:     hellmonk_ghost_happy_afterlife, fungi_pond_lemuel, uniq_kirke
D:13:     argonaut_gorgonesque
D:14:     david_vaults_3, serial_shops, shop, minmay_misc_feat_columns,
          uniq_azrael
D:15:     grunt_enter_depths_hoard, serial_bayou_lagoon_a, grunt_ministairs_1,
          lemuel_oklob_altar
Lair:2:   minmay_swamp_entry_worms, portal_ice_cave_entry_imps,
          grunt_megastairs_5, minmay_lair_oklob_chamber, serial_bayou_shore_a,
          uniq_nergalle, uniq_gastronok, uniq_harold
Lair:3:   beast_lair_carwin_4
Lair:4:   minmay_snake_entry_spellcaster
Lair:5:   dpeg_slime_entry_enclosed_altar, grunt_megastairs_2
Lair:6:   due_jungle_book, nicolae_volcano_entry_batcave
Swamp:1:  evilmike_swamp_ruin_rubble_1, swamp_pool1, uniq_roxanne
Swamp:2:  evilmike_swamp_ruin_house_2, infiniplex_staircase_pool_2
Swamp:3:  evilmike_swamp_ruin_house_5, uniq_mara
Swamp:4:  swamp_pestilence, swamp_pool4, uniq_bai_suzhen
Snake:1:  serial_bayou_shore_b, lemuel_fruit_tree, serial_bayou_shore_b
Snake:2:  nicolae_snake_nest, st_stairs_8, stair_cage_line,
          hangedman_snake_sidewinding
Snake:3:  serial_shops, nicolae_shop_crystal, nicolae_snake_squiggles,
          uniq_asterion
Snake:4:  snake_hunt, spider_trap, st_stairs_8, serial_bayou_pond_b
Orc:1:    serial_shops, nicolae_shop_trees, shop, shop, shop_scrolls, shop
Orc:2:    grunt_orc_cross, serial_shops, shop, nicolae_orc_lava_room,
          uniq_erolcha, uniq_snorg, uniq_donald
Depths:1: hell_entry, pan_entry, abyss_entry_small_statue_room,
          kennysheep_cross_room, serial_sigils_hangedman_gut,
          kennysheep_kite_vault, uniq_saint_roka
Depths:2: minmay_ornate_pinched, hangedman_abyss_or_decor_jellyfish_corner,
          hell_entry, uniq_sojobo
IceCv:    ice_cave_small_dragons
Volcano:  volcano_bunker

Skill      XL: |  1  2  3  4  5  6  7  8  9 10 11 12 13 14 15 16 17 18 19 |
---------------+----------------------------------------------------------+-----
Axes           | 4 5 6 8 9 11 13 15 16 18 19 20 21 23 24 | 24.8
Fighting       | 4 5 6 7 8 9 11 12 13 14 15 16 17 18 | 18.9
Armour         | 3 4 5 6 8 9 10 12 13 14 15 16 17 18 | 18.0
Dodging        | 3 4 5 6 7 8 10 11 12 13 14 15 16 17 | 17.4
Shields        | 1 |  1.6

Action                   |  1- 3 |  4- 6 |  7- 9 | 10-12 | 13-15 | 16-18 | 19-21 || total
-------------------------+-------+-------+-------+-------+-------+-------+-------++-------
Melee: Hand axe          |    93 |   105 |       |       |       |       |       ||   198
       Headbutt          |    19 |    20 |    53 |    95 |   259 |   329 |    81 ||   856
       War axe           |       |    23 |    38 |       |       |       |       ||    61
       Executioner's axe |       |       |   201 |   335 |   937 |  1061 |   171 ||  2705
       Unarmed           |       |       |       |    15 |       |       |       ||    15
       Peck              |       |       |       |       |   197 |   309 |    72 ||   578
       Battleaxe         |       |       |       |       |    69 |       |       ||    69
       Broad axe         |       |       |       |       |       |       |    19 ||    19
Invok: Berserk           |     1 |     2 |     2 |     8 |    15 |    12 |     5 ||    45
       Trog's Hand       |       |     2 |     5 |    16 |    37 |    35 |     8 ||   103
       Brothers in Arms  |       |       |       |       |     3 |     1 |     1 ||     5
  Use: Scroll            |       |     4 |     8 |     1 |    39 |     9 |     3 ||    64
       Potion            |       |       |     1 |     1 |     5 |     9 |     1 ||    17
 Stab: Petrified         |       |       |       |     3 |       |       |       ||     3
       Distracted        |       |       |       |       |       |       |     1 ||     1
  Eat: Chunk             |     3 |     5 |     7 |    15 |    26 |    13 |     6 ||    75
       Ration            |       |     2 |     3 |     4 |    12 |    13 |     1 ||    35
Armor: Animal skin       |    12 |       |       |       |       |       |       ||    12
       Scale mail        |    13 |    31 |       |       |       |       |       ||    44
       Chain mail        |       |    19 |   152 |    16 |       |       |       ||   187
       Troll leather arm |       |       |       |    16 |       |       |       ||    16
       Plate armour      |       |       |       |   128 |   649 |   620 |   150 ||  1547
Dodge: Dodged            |    49 |    60 |   208 |   426 |  1052 |  1165 |   215 ||  3175
Block: Shield            |       |       |       |       |       |       |     7 ||     7

Table legend:
 A = Spawn XP
 B = Non-spawn XP
 C = Spawn XP percentage of total XP
 D = Spawn monster count
 E = Non-spawn monster count
 F = Spawn count percentage of total count
 G = Total turns spent on level
                    A         B        C        D         E        F      G
               +---------+---------+-------+---------+---------+-------+---------
         Total |       0 |  438481 |   0.0 |       0 |    1135 |   0.0 | 32475
               +---------+---------+-------+---------+---------+-------+---------
           D:1 |       0 |      76 |   0.0 |       0 |      37 |   0.0 |  1353
           D:2 |       0 |      70 |   0.0 |       0 |      22 |   0.0 |   792
           D:3 |       0 |      27 |   0.0 |       0 |      14 |   0.0 |   810
           D:4 |       0 |     226 |   0.0 |       0 |      12 |   0.0 |  1048
           D:5 |       0 |     558 |   0.0 |       0 |      22 |   0.0 |   974
           D:6 |       0 |    2844 |   0.0 |       0 |      28 |   0.0 |  1076
           D:7 |       0 |     187 |   0.0 |       0 |       5 |   0.0 |   280
           D:8 |       0 |    1189 |   0.0 |       0 |      29 |   0.0 |   522
           D:9 |       0 |    1909 |   0.0 |       0 |      26 |   0.0 |   899
          D:10 |       0 |    5118 |   0.0 |       0 |      16 |   0.0 |   715
          D:11 |       0 |    3764 |   0.0 |       0 |      32 |   0.0 |  1026
          D:12 |       0 |   10618 |   0.0 |       0 |      34 |   0.0 |  1028
          D:13 |       0 |    8179 |   0.0 |       0 |      28 |   0.0 |  1142
          D:14 |       0 |   23037 |   0.0 |       0 |      69 |   0.0 |  1171
          D:15 |       0 |   24367 |   0.0 |       0 |      51 |   0.0 |  1248
        Lair:1 |       0 |    3168 |   0.0 |       0 |      10 |   0.0 |  1191
        Lair:2 |       0 |    7399 |   0.0 |       0 |      32 |   0.0 |   965
        Lair:3 |       0 |    5577 |   0.0 |       0 |      20 |   0.0 |   898
        Lair:4 |       0 |    6023 |   0.0 |       0 |      19 |   0.0 |  1118
        Lair:5 |       0 |    8691 |   0.0 |       0 |      26 |   0.0 |   808
        Lair:6 |       0 |   21424 |   0.0 |       0 |      42 |   0.0 |  1231
       Swamp:1 |       0 |   10807 |   0.0 |       0 |      32 |   0.0 |   790
       Swamp:2 |       0 |   10298 |   0.0 |       0 |      28 |   0.0 |   784
       Swamp:3 |       0 |   15323 |   0.0 |       0 |      18 |   0.0 |   688
       Swamp:4 |       0 |   35122 |   0.0 |       0 |      75 |   0.0 |  1659
       Snake:1 |       0 |   22499 |   0.0 |       0 |      44 |   0.0 |   979
       Snake:2 |       0 |   36725 |   0.0 |       0 |      61 |   0.0 |  1260
       Snake:3 |       0 |   23889 |   0.0 |       0 |      39 |   0.0 |  1534
       Snake:4 |       0 |   59067 |   0.0 |       0 |      84 |   0.0 |  1068
         Orc:1 |       0 |    1276 |   0.0 |       0 |       6 |   0.0 |   448
         Orc:2 |       0 |   12045 |   0.0 |       0 |      57 |   0.0 |   931
      Depths:1 |       0 |   62863 |   0.0 |       0 |      85 |   0.0 |  1110
      Depths:2 |       0 |    1847 |   0.0 |       0 |       1 |   0.0 |    27
         IceCv |       0 |    5415 |   0.0 |       0 |      20 |   0.0 |   587
       Volcano |       0 |    6854 |   0.0 |       0 |      11 |   0.0 |   315
               +---------+---------+-------+---------+---------+-------+---------
